Map: Blackpink LE

Players

Roygogo

  • Race: Zerg Zerg
  • League: Platinum
  • Spawn Location: 1:00

itsacar - Winner!

  • Race: Terran Terran
  • League: Platinum
  • Spawn Location: 7:00

VOD

Have the link to the VOD?

Description

Time

  • Played on: March 28, 2018, 11:55 p.m.
  • Length: 8:55
Show
View Real Time Build Order
Export as new Build Order

Roygogo Zerg 

Build Orders: Hatch First 

Get SALT Encoding   

  12  0:03  Drone  
  13  0:09  Drone  
  14  0:34  Hatchery  
  13  0:38  Drone  
  14  0:53  Spawning Pool  
  13  0:59  Drone  
  14  1:13  Overlord  
  14  1:16  Extractor  
  14  1:17  Drone  
  15  1:34  Drone x2  
  17  1:43  Drone  
  17  1:45  Queen  
  20  1:47  Queen  
  20  1:48  Drone  
  20  1:51  Zergling x2  
  24  2:04  Extractor  
  24  2:05  Drone  
  24  2:08  Drone x2  
  24  2:09  Drone  
  27  2:20  Overlord  
  27  2:25  Drone  
  28  2:40  Drone x3  
  28  2:41  Drone  
  32  2:50  Extractor  
  31  2:53  Zergling x4  
  33  3:04  Queen, Roach Warren  
  33  3:07  Drone  
  33  3:08  Spine Crawler, Drone x3  
  36  3:17  Overlord x2  
  35  3:32  Drone x2  
  36  3:37  Drone x2  
  38  3:43  Drone  
  38  3:44  Drone x2  
  41  3:52  Drone  
  41  3:53  Evolution Chamber, Drone x3  
  44  3:57  Lair  
  44  3:58  Metabolic Boost  
  44  4:01  Zergling x2  
  45  4:21  Hatchery  
  44  4:28  Queen  
  44  4:30  Extractor, Drone  
  44  4:31  Extractor, Drone  
  47  4:32  Drone  
  47  4:33  Drone x4  
  51  4:44  Drone  
  52  4:46  Overlord x3  
  51  5:04  Overseer  
  51  5:09  Roach  
  51  5:10  Roach x5  
  63  5:25  Spore Crawler  
  63  5:27  Spore Crawler  
  61  5:29  Drone  
  61  5:30  Drone x3  
  65  5:40  Queen  
  67  5:49  Drone x3  
  75  5:50  Drone x6  
  76  5:57  Hatchery  
  76  5:59  Drone x2  
  77  6:12  Glial Reconstitution, Hydralisk Den  
  77  6:16  Drone x2  
  77  6:17  Baneling Nest  
  77  6:22  Extractor, Drone x5  
  77  6:24  Overlord x2, Extractor  
  80  6:27  Overseer  
  80  6:43  Hydralisk x5  
  80  6:45  Zergling x4  
  80  6:46  Zergling x4  
  91  7:09  Overlord x2  
  91  7:18  Hatchery  
  83  7:36  Roach  
  67  7:37  Roach x5  
  77  7:51  Roach x4  
  77  7:52  Roach  
  77  7:57  Hatchery  
  78  8:06  Roach x3  
  78  8:11  Roach x2  
  74  8:29  Zergling x2  
  74  8:30  Zergling x14  
Show
View Real Time Build Order
Export as new Build Order

itsacar Terran - Winner!

Build Orders: Mech 

Get SALT Encoding   

  12  0:00  SCV  
  13  0:12  SCV  
  14  0:18  Supply Depot  
  14  0:25  SCV  
  15  0:30  Refinery  
  15  0:40  SCV  
  16  0:45  Barracks  
  16  0:52  SCV  
  17  1:04  SCV  
  18  1:08  Supply Depot  
  18  1:16  SCV  
  19  1:28  SCV  
  19  1:32  Factory  
  20  1:45  Refinery  
  20  1:48  Orbital Command  
  20  1:51  Barracks Reactor  
  20  2:14  SCV  
  21  2:18  Factory  
  20  2:33  Hellion x2  
  24  2:38  Barracks Tech Lab  
  24  2:45  Command Center  
  24  2:48  SCV  
  25  2:55  Hellion  
  27  3:07  Hellion  
  27  3:11  Supply Depot  
  29  3:13  SCV  
  30  3:30  SCV  
  30  3:33  Siege Tank, Hellion  
  34  3:40  Supply Depot  
  34  3:42  SCV  
  35  3:49  Starport  
  35  3:56  SCV  
  35  3:59  Orbital Command  
  36  4:03  Widow Mine  
  38  4:14  Supply Depot  
  38  4:15  Siege Tank  
  41  4:19  Widow Mine  
  43  4:28  SCV  
  43  4:29  SCV  
  45  4:34  Medivac  
  47  4:39  Armory  
  47  4:40  Supply Depot  
  47  4:47  SCV x2  
  47  4:50  Hellion  
  47  4:52  Hellion  
  53  4:59  SCV x2, Refinery  
  55  5:04  Siege Tank  
  55  5:06  Starport Reactor  
  58  5:11  SCV  
  58  5:12  SCV  
  60  5:20  Hellion x2  
  64  5:24  SCV x2  
  66  5:36  SCV x2  
  66  5:40  Supply Depot  
  66  5:41  Thor  
  74  5:48  SCV x2, Widow Mine  
  78  6:02  SCV x2, Widow Mine  
  82  6:09  Supply Depot  
  82  6:12  Hellion  
  82  6:18  Terran Vehicle Weapons Level 1, Factory x2  
  84  6:24  Hellion  
  86  6:31  Hellion  
  88  6:51  Hellion x2  
  88  6:52  Medivac  
  94  6:54  Liberator  
  94  7:09  Command Center  
  94  7:10  Supply Depot x2  
  91  7:30  Thor  
  91  7:31  Hellion x2  
  91  7:32  Factory Tech Lab  
  91  7:33  Factory Reactor  
  93  7:47  SCV x2  
  93  7:59  SCV x2  
  93  8:06  Hellion x3  
  93  8:08  Viking x2  
  93  8:12  Hellion x2, Supply Depot  
  107  8:13  Hellion  
  107  8:14  Supply Depot  
  105  8:31  Hellion x2  
  105  8:33  Hellion  
  117  8:48  Supply Depot  
  115  8:49  Supply Depot  
  115  8:53  Factory x2  
Tags
 
Composition
Mech
Matchup
TvZ
Spawn Locations
Cross Positions
Add a new tag
Caveats
  • Supply blocks, unpowered buildings, or Contaminate may cause inaccurate times.
  • Supply counts are checked every 10 seconds.